 Seeded DCSS version 0.30.0-18-gc0e69614cb (webtiles) character file.

Game seed: 5 (custom seed)

27932 Kazon the Ripper (level 13, 0/94 HPs)
             Began as a Felid Berserker on May 24, 2023.
             Was the Champion of Trog.
             Slain by a two-headed ogre
             ... wielding a +0 giant club
              (4 damage)
             ... on level 2 of the Orcish Mines.
             The game lasted 01:37:23 (15524 turns).

Kazon the Ripper (Felid Berserker)                 Turns: 15524, Time: 01:37:23

Health: 0/94       AC: 11    Str: 15    XL:     13   Next: 7%
Magic:  0/14       EV: 31    Int:  8    God:    Trog [******]
Gold:   1591       SH:  0    Dex: 25    Spells: 12/12 levels left
                                        Lives:  0   Deaths: 4

rFire   . .          .
                       - Unarmed
rCold   + . .        (shield unavailable)
rNeg    . . .        (body armour unavailable)
rPois   .            (helmet unavailable)
rElec   .            (cloak unavailable)
rCorr   .            (gloves unavailable)
SInv    +            (boots unavailable)
Will    +++..        u - amulet of guardian spirit Stlth
                     a - ring of Axa God {Dex+6 Slay+3}
HPRegen 1.35/turn    O - ring of the Tortoise {AC+8}
MPRegen 0.14/turn

%: guardian spirit
@: berserking, strong-willed (expiring), regenerating (expiring), very quick
A: very small, claws 1, fangs 3, see invisible, speed 1, shaggy fur 3, stealthy
paws, no weapons or thrown items, no armour, multi-lived
a: Renounce Religion, Berserk, Trog's Hand, Brothers in Arms


You were on level 2 of the Orcish Mines.
You worshipped Trog.
Trog was exalted by your worship.
You visited 3 branches of the dungeon, and saw 19 of its levels.
You also visited: Ossuary and Ice Cave.

You collected 2110 gold pieces.
You spent 519 gold pieces at shops.

Inventory:

Hand Weapons
 J - the +10 zealot's sword {holy, Zealotry, *Rage rN+ EV+3}
   (You found it on level 3 of the Lair of Beasts)

   Zealotry:  Whenever the wielder enters a berserk rage, their allies are
   berserked alongside them.
   EV:        It affects your evasion (+3).
   rN:        It protects you from negative energy.
   *Rage:     It berserks you when you make melee attacks (+20% chance).
Jewellery
 a - the ring of Axa God (left paw) {Dex+6 Slay+3}
   (You acquired it on level 1 of the Dungeon)

   [ring of dexterity]

   Dex:       It affects your dexterity (+6).
   Slay:      It affects your accuracy & damage with ranged weapons and melee
   (+3).
 e - a ring of protection from fire
 n - a ring of magical power
 p - a +6 ring of strength
 u - an amulet of guardian spirit (around neck)
 y - a ring of fire
 B - a +4 ring of protection
 N - a ring of protection from cold
 O - the ring of the Tortoise (right paw) {AC+8}
   (You found it in an ice cave)

   [ring of protection]

   AC:        It affects your AC (+8).
 P - a ring of protection from fire
 Q - a ring of poison resistance
 R - the ring of Omumul {*Corrode rC+ Int+5 Dex+2 Stlth+}
   (You found it in an ice cave)

   [ring of protection from cold]

   Int:       It affects your intelligence (+5).
   Dex:       It affects your dexterity (+2).
   rC:        It protects you from cold.
   *Corrode:  It may corrode you when you take damage.
   Stlth:     It makes you more stealthy.
 S - a ring of willpower
 T - an amulet of faith
 U - a +4 ring of slaying
 V - a +5 ring of evasion
Wands
 s - a wand of paralysis (24)
 z - a wand of iceblast (5)
 C - a wand of light (15)
 F - a wand of digging (6)
 G - a wand of polymorph (5)
 K - a wand of flame (43)
Scrolls
 f - 3 scrolls of fog {unknown}
 g - 2 scrolls of summoning {unknown}
 h - 9 scrolls of teleportation {unknown}
 i - 4 scrolls of blinking {unknown}
 j - 2 scrolls of magic mapping {unknown}
 o - a scroll of torment {unknown}
 r - a scroll of amnesia {unknown}
 v - a scroll of poison {unknown}
 w - 4 scrolls of enchant armour {unknown}
 x - 3 scrolls of fear {unknown}
 E - a scroll of noise {unknown}
 M - a scroll of silence {unknown}
Potions
 b - a potion of magic
 c - a potion of resistance
 d - 9 potions of curing
 k - 7 potions of flight
 l - 2 potions of berserk rage
 m - 2 potions of invisibility
 q - 4 potions of heal wounds
 t - 3 potions of lignification
 A - a potion of haste
 D - 2 potions of cancellation
 H - a potion of ambrosia
 I - 3 potions of might {unknown}
Miscellaneous
 L - a phial of floods


   Skills:
 + Level 10.8 Fighting
 + Level 12.7 Dodging
 + Level 14.5 Stealth
 + Level 17.7 Unarmed Combat
 + Level 10.4 Evocations


You had 12 spell levels left.
You didn't know any spells.
Your spell library was empty.

Dungeon Overview and Level Annotations

Branches:
Dungeon (12/15)            Temple (0/1) D:4            Lair (5/5) D:8
  Swamp (0/4) Lair:3        Snake (0/4) Lair:3        Slime (0/5) Lair:5
    Orc (2/2) D:11        Ossuary (visited)           IceCv (visited)
    Elf: Orc:2

Altars:
Dithmenos
Fedhas
Hepliaklqana
Qazlal
Sif Muna
Wu Jian
Xom

Shops:
D:8 *

Annotations:
Lair:2 Amaemon


Innate Abilities, Weirdness & Mutations

You have sharp claws.
You have razor-sharp teeth.
You have supernaturally acute eyesight. (SInv)
You cover ground quickly. (Speed+)
Your thick and shaggy fur keeps you warm. (AC +3, rC+)
Your paws help you pounce on unaware monsters.
You are incapable of wielding weapons or throwing items.
You cannot wear armour.
You gain extra lives every three experience levels.


Message History

Trog accepts your kill. The ogre completely misses you.
You mangle the ogre!!
The ogre is almost dead.
You mangle the ogre!!
You kill the ogre!
Trog accepts your kill.
The two-headed ogre hits you with a +0 giant club!!
The two-headed ogre hits you with a +0 dire flail.
The ogre mage misses you.
You claw the two-headed ogre! You bite the two-headed ogre.
The two-headed ogre is moderately wounded.
A two-headed ogre comes into view. It is wielding two +0 giant clubs.
The two-headed ogre misses you. The two-headed ogre barely misses you.
An ogre comes into view. It is wielding a +0 giant spiked club.
Unknown command.
You closely miss the ogre mage. Your bite misses the ogre mage.
The two-headed ogre closely misses you.
The two-headed ogre completely misses you.
The ogre mage misses you.
You mangle the ogre mage!!
The ogre mage is heavily wounded.
The two-headed ogre hits you with a +0 giant club!!
* * * LOW HITPOINT WARNING * * *
The two-headed ogre completely misses you.
Unknown command.
A red film seems to cover your vision as you go berserk!
You feel yourself moving faster!
You feel mighty!
You feel the effects of Trog's Hand fading.
The two-headed ogre completely misses you.
The two-headed ogre hits you with a +0 dire flail!
* * * LOW HITPOINT WARNING * * *
The ogre mage casts a spell at you. The bolt of magma misses you.
You eviscerate the ogre mage!!!
You kill the ogre mage!
Trog accepts your kill.
Trog appreciates your killing of a magic user.
The two-headed ogre hits you with a +0 giant club.
You die...

#.....$#.......##
#...............##
#................##
##................##
#.........<.........
##......))..........
#.....).)...........
#.....)<)...)O......
#....#.....$@O......
#..........).)..O...
##...............O..
#...................
##$...._.....$......
##...............#.
..............$..#
.......$.........


You could see 3 two-headed ogres and an ogre.

Vanquished Creatures
  Rupert (D:12)
  A white draconian (IceCv)
  Snorg (D:10)
  Josephine (Orc:1)
  5 hydras
  2 ogre magi
  An anaconda (shapeshifter) (D:12)
  2 centaur warriors (D:12)
  A boulder beetle (D:11)
  6 two-headed ogres
  A tengu warrior (D:11)
  A skyshark (Lair:4)
  3 deep elf pyromancers (D:12)
  An orc knight (D:12)
  An orc sorcerer (Orc:1)
  An ugly thing (D:12)
  A manticore (D:12)
  A cyclops (D:12)
  Maurice (D:9)
  8 elephants
  4 black mambas
  14 cane toads
  2 gargoyles (D:12)
  An unseen horror (D:10)
  10 komodo dragons
  2 rime drakes (IceCv)
  6 polar bears
  2 trolls
  A dream sheep (Lair:5)
  3 hornets
  5 blink frogs
  A slime creature (D:12)
  8 spriggans (Lair:5)
  4 shadows
  Sigmund (D:4)
  3 vampires
  A water elemental (D:12)
  4 wraiths
  7 wyverns
  27 yaks
  6 basilisks
  3 steam dragons
  2 vampire mosquitoes (D:10)
  2 swamp worms (Lair:3)
  2 wargs (Orc:1)
  Duvessa (D:6)
  18 water moccasins
  An ice beast (D:8)
  8 orc warriors
  A sky beast (D:7)
  6 black bears
  40 wolves
  5 centaurs
  16 ogres
  3 boggarts (Lair:5)
  A phantom (D:11)
  An elf zombie (Ossuary)
  3 kobold brigands
  11 bullfrogs
  A gnoll sergeant (D:8)
  3 scorpions
  22 wights
  A troll zombie (D:11)
  12 killer bees
  Dowan (D:6)
  4 lindwurm simulacra (IceCv)
  4 howler monkeys
  A vampire bat (D:7)
  2 electric eels
  3 komodo dragon simulacra (IceCv)
  A wyvern simulacrum (D:8)
  A centaur zombie (Ossuary)
  6 hounds
  3 human zombies (Ossuary)
  15 orc priests
  A jelly (D:5)
  6 iguanas
  20 orc wizards
  11 ogre zombies
  A centaur simulacrum (D:8)
  7 mummies (Ossuary)
  12 gnolls
  5 acid dragon simulacra (IceCv)
  9 adders
  A shadow imp (D:8)
  13 white imps
  An ufetubus (D:4)
  9 steam dragon simulacra (IceCv)
  A worm zombie (D:7)
  2 adder zombies (Ossuary)
  3 worms
  54 orcs
  12 bats
  9 endoplasms
  A giant cockroach (D:1)
  12 goblins
  7 hobgoblins
  11 jackals
  22 kobolds
  3 quokkas (D:4)
  6 ball pythons
  3 frilled lizards
  A goblin skeleton (D:11)
  7 goblin zombies
  2 hobgoblin skeletons (D:11)
  10 hobgoblin zombies
  3 kobold zombies
  15 orc zombies (D:11)
  4 quokka zombies (Ossuary)
  4 rats
  4 rat zombies (Ossuary)
648 creatures vanquished.

Vanquished Creatures (collateral kills)
  A hydra (Lair:4)
  4 elephants (Lair:4)
  A black mamba (Lair:4)
  A cane toad (Lair:4)
  4 hornets (Lair:5)
  2 polar bears (Lair:5)
  2 spriggans (Lair:5)
  A wyvern (Lair:5)
  A black bear (Lair:5)
  A boggart (Lair:5)
  6 wolves
24 creatures vanquished.

Vanquished Creatures (others)
  2 rime drakes (IceCv)
2 creatures vanquished.

Grand Total: 674 creatures vanquished

Notes
Turn   | Place    | Note
-------+----------+-------------------------------------------
     0 | D:1      | Kazon the Felid Berserker began the quest for the Orb.
     0 | D:1      | Reached XP level 1. HP: 10/10 MP: 2/2
    42 | D:1      | Identified a scroll of acquirement
    42 | D:1      | Acquired the ring of Axa God {Dex+6 Slay+3}
    90 | D:1      | Reached XP level 2. HP: 14/14 MP: 3/3
   580 | D:1      | Reached XP level 3. HP: 17/17 MP: 4/4
   817 | D:2      | Reached ** piety under Trog
  1036 | D:2      | Reached skill level 1 in Stealth
  1082 | D:2      | Reached skill level 4 in Unarmed Combat
  1109 | D:2      | Reached XP level 4. HP: 21/21 MP: 5/5
  1524 | D:3      | Found a stormy altar of Qazlal.
  1743 | D:3      | Identified the +2 sling "Qeuhanocyt" {speed, rElec Str-3
                  | Dex+2}
  1760 | D:3      | Found a faded altar of an unknown god.
  1832 | D:3      | Found a blossoming altar of Fedhas.
  2022 | D:4      | Found a staircase to the Ecumenical Temple.
  2082 | D:4      | Noticed a scorpion
  2086 | D:4      | Killed a scorpion
  2087 | D:4      | Reached XP level 5. HP: 24/24 MP: 6/6
  2114 | D:4      | Reached skill level 5 in Unarmed Combat
  2399 | D:4      | Noticed a black bear
  2408 | D:4      | Killed a black bear
  2409 | D:4      | Reached skill level 5 in Dodging
  2409 | D:4      | Gained mutation: You are covered in thick fur. (AC +2)
                  | [Felid growth]
  2409 | D:4      | Reached XP level 6. HP: 28/28 MP: 7/7
  2436 | D:4      | Noticed Sigmund
  2445 | D:4      | Killed Sigmund
  2446 | D:4      | Reached skill level 6 in Unarmed Combat
  2468 | D:4      | Found a hazy altar of Hepliaklqana.
  2469 | D:4      | Found a shadowy altar of Dithmenos.
  2469 | D:4      | Noticed a shadow
  2541 | D:4      | Reached XP level 7. HP: 21/32 MP: 8/8
  2710 | D:5      | Entered Level 5 of the Dungeon
  2716 | D:5      | Reached *** piety under Trog
  2854 | D:5      | Reached skill level 7 in Unarmed Combat
  3149 | D:6      | Found a shimmering altar of Xom.
  3181 | D:6      | Reached XP level 8. HP: 4/36 MP: 2/9
  3307 | D:6      | Reached skill level 5 in Fighting
  3481 | D:6      | Reached skill level 5 in Stealth
  3481 | D:6      | Reached skill level 8 in Unarmed Combat
  3527 | D:6      | Reached skill level 1 in Evocations
  3549 | D:6      | Noticed Dowan
  3558 | D:6      | Noticed Duvessa
  3568 | D:6      | Killed Duvessa
  3570 | D:6      | Killed Dowan
  3799 | D:7      | Noticed a two-headed ogre
  3803 | D:7      | Killed a two-headed ogre
  3804 | D:7      | Reached skill level 9 in Unarmed Combat
  3804 | D:7      | Reached XP level 9. HP: 16/41 MP: 7/10
  3932 | D:7      | Found a sand-covered staircase.
  3944 | Ossuary  | Entered an ossuary
  3954 | Ossuary  | Reached **** piety under Trog
  4571 | D:7      | Reached ***** piety under Trog
  4736 | D:7      | Reached skill level 10 in Unarmed Combat
  4941 | D:7      | Reached XP level 10. HP: 46/46 MP: 11/11
  4991 | D:8      | Reached skill level 5 in Evocations
  5387 | D:8      | Found a staircase to the Lair.
  5443 | D:8      | Engulfed by a cloud of steam
  5444 | D:8      | Reached XP level 9. HP: -3/43 MP: 0/10
  5444 | D:8      | Reached skill level 11 in Unarmed Combat
  5530 | D:8      | Noticed a polar bear
  5589 | D:8      | Killed a polar bear
  5675 | D:8      | Reached XP level 10. HP: 47/47 MP: 11/11
  5934 | D:8      | Found Izo Qiri's Assorted Antiques.
  5943 | D:8      | Bought a scroll labelled JIYFIZX FOFUA for 29 gold pieces
  5943 | D:8      | Bought a sedimented brown potion for 26 gold pieces
  5943 | D:8      | Bought a curved iron wand for 116 gold pieces
  6270 | D:8      | Bought a wand of paralysis (5) for 348 gold pieces
  6312 | D:9      | Noticed Maurice
  6319 | D:9      | Killed Maurice
  6710 | D:9      | Reached skill level 10 in Stealth
  7041 | Lair:1   | Entered Level 1 of the Lair of Beasts
  7058 | Lair:1   | Noticed a cane toad
  7069 | Lair:1   | Killed a cane toad
  7070 | Lair:1   | Reached skill level 12 in Unarmed Combat
  7094 | Lair:1   | You fall into a shaft and drop 1 floor!
  7102 | Lair:2   | Noticed a cane toad
  7125 | Lair:2   | Killed a cane toad
  7163 | Lair:2   | Found an ornate altar of the Wu Jian Council.
  7296 | Lair:2   | Noticed a five-headed hydra
  7303 | Lair:2   | Killed a five-headed hydra
  7304 | Lair:2   | Reached XP level 11. HP: 51/51 MP: 12/12
  7501 | Lair:2   | Noticed a death yak
  7751 | Lair:1   | Reached skill level 13 in Unarmed Combat
  8211 | Lair:2   | Noticed Amaemon
  8423 | Lair:2   | Noticed a death yak
  8423 | Lair:2   | Noticed a death yak
  8439 | Lair:3   | Found a staircase to the Snake Pit.
  8586 | Lair:3   | Gained mutation: Your thick and shaggy fur keeps you warm.
                  | (AC +3, rC+) [Felid growth]
  8586 | Lair:3   | Reached XP level 12. HP: 57/57 MP: 13/13
  8909 | Lair:3   | Found a staircase to the Swamp.
  8946 | Lair:3   | Found the +10 zealot's sword {holy, Zealotry, *Rage rN+
                  | EV+3}
  8974 | Lair:3   | Slain by a swamp worm
  8975 | Lair:3   | Reached XP level 11. HP: -2/53 MP: 0/12
  9318 | Lair:3   | Noticed a boulder beetle
  9660 | Lair:4   | Reached skill level 14 in Unarmed Combat
  9792 | Lair:4   | Noticed a four-headed hydra
  9805 | Lair:4   | Killed a four-headed hydra
  9827 | Lair:4   | HP: 2/53 [poisoned by a black mamba]
  9828 | Lair:4   | Noticed a four-headed hydra
  9829 | Lair:4   | Killed a three-headed hydra
  9830 | Lair:4   | Reached skill level 10 in Dodging
  9857 | Lair:4   | Noticed a skyshark
 10223 | Lair:4   | Reached XP level 12. HP: 21/58 MP: 3/13
 10529 | Lair:5   | Entered Level 5 of the Lair of Beasts
 10637 | Lair:5   | Reached skill level 15 in Unarmed Combat
 10748 | Lair:5   | Reached skill level 10 in Fighting
 10933 | Lair:5   | Noticed a five-headed hydra
 10947 | Lair:5   | Killed a five-headed hydra
 10984 | Lair:5   | Noticed a seven-headed hydra
 10992 | Lair:5   | HP: 2/58 [spriggan rider/+0 spear (30)]
 11003 | Lair:5   | Reached skill level 10 in Evocations
 11007 | Lair:5   | Slain by a spriggan rider
 11007 | Lair:5   | Reached ****** piety under Trog
 11008 | Lair:5   | Reached XP level 11. HP: -3/54 MP: 0/12
 11025 | Lair:5   | Reached XP level 12. HP: 43/58 MP: 7/13
 11048 | Lair:5   | Found a staircase to the Slime Pits.
 11087 | Lair:5   | Noticed a seven-headed hydra
 11094 | Lair:5   | Killed a seven-headed hydra
 11278 | Lair:5   | Noticed a four-headed hydra
 11290 | Lair:5   | Killed a four-headed hydra
 11707 | D:10     | Entered Level 10 of the Dungeon
 11849 | D:10     | Noticed Snorg
 11851 | D:10     | Killed Snorg
 11859 | D:10     | Found a shimmering blue altar of Sif Muna.
 11917 | D:10     | Noticed a two-headed ogre
 11925 | D:10     | Killed a two-headed ogre
 12114 | D:10     | Reached skill level 16 in Unarmed Combat
 12367 | D:11     | Found a staircase to the Orcish Mines.
 12407 | D:11     | Noticed a tengu warrior
 12471 | D:11     | Killed a tengu warrior
 13133 | D:11     | Noticed a boulder beetle
 13148 | D:11     | Killed a boulder beetle
 13618 | D:12     | Found a frozen archway.
 13680 | IceCv    | Entered an ice cave
 13788 | IceCv    | Found the ring of the Tortoise {AC+8}
 13920 | IceCv    | Reached XP level 13. HP: 52/62 MP: 14/14
 13952 | IceCv    | Noticed a white draconian
 13974 | IceCv    | Killed a white draconian
 14003 | IceCv    | Identified the ring of Omumul {*Corrode rC+ Int+5 Dex+2
                  | Stlth+}
 14228 | D:12     | HP: 1/62 [ogre mage/+0 spear (7)]
 14230 | D:12     | Mangled by a cyclops (shapeshifter)
 14231 | D:12     | Reached XP level 12. HP: -10/59 MP: 0/13
 14355 | D:12     | Noticed Rupert
 14365 | D:12     | Killed Rupert
 14366 | D:12     | Reached skill level 17 in Unarmed Combat
 14417 | D:12     | an orb spider changed into an anaconda
 14417 | D:12     | Noticed an anaconda (shapeshifter)
 14419 | D:12     | Killed an ogre mage
 14425 | D:12     | Killed an anaconda
 14717 | D:12     | Noticed a two-headed ogre
 14725 | D:12     | Killed a two-headed ogre
 14870 | Orc:1    | Entered Level 1 of the Orcish Mines
 15139 | Orc:2    | Entered Level 2 of the Orcish Mines
 15139 | Orc:2    | Noticed Josephine
 15366 | Orc:2    | Noticed a two-headed ogre
 15396 | Orc:1    | Killed a two-headed ogre
 15448 | Orc:2    | Noticed a two-headed ogre
 15461 | Orc:1    | Killed Josephine
 15476 | Orc:1    | Killed a two-headed ogre
 15477 | Orc:1    | Reached XP level 13. HP: 41/63 MP: 9/14
 15523 | Orc:2    | HP: 3/94 [two-headed ogre/+0 giant club (13)]
 15524 | Orc:2    | Slain by a two-headed ogre

Illustrated notes

Levels and vault maps discovered:
D:1:      ebering_trefoil_3fold, layout_basic, st_stairs_14, serial_bayou_ford_a
D:2:      layout_basic, hangedman_decor_growths, minmay_close_crescents
D:3:      layout_rooms, mainiacjoe_overflow_concentric_impassable,
          mainiacjoe_overflow_paths, shapermc_ecumenical_altar_acropolis,
          chequers_serial_rivers_micro_b
D:4:      layout_basic, riverfiend_overflow_shadow_ancestor,
          minmay_temple_entry_glass, uniq_sigmund
D:5:      layout_gridville
D:6:      layout_basic, xom_teletrap_fun, uniq_duvessa
D:7:      layout_loops_ring, enter_ossuary_3, roderic_batcave
D:8:      layout_layer_cave, minmay_lair_entry_grove, serial_shops,
          nicolae_lakefront_shop, serial_ice, serial_ice_o, serial_ice_d,
          serial_ice_k, serial_ice_a
D:9:      layout_loops_ring, nicolae_wwwww, uniq_maurice
D:10:     layout_irregular_city, led_sif_pool, uniq_snorg
D:11:     layout_basic, zombieorc2_lemuel, chequers_garden
D:12:     layout_basic, portal_ice_cave_entry_imps,
          chequers_serial_rivers_micro_e, minivault_28, uniq_rupert
Lair:1:   layout_big_grid, serial_bayou_pond_a
Lair:2:   layout_gridlike, basic_altar, uniq_amaemon
Lair:3:   layout_small_grid, swamp_mist, minmay_snake_entry_six_corridors,
          worms_lemuel, serial_bayou_shore_a
Lair:4:   layout_gridlike, nzn_random_ring, infiniplex_staircase_pool_2
Lair:5:   minmay_lair_end_enchanted_forest, layout_misc_corridors,
          dpeg_slime_entry_enclosed
Orc:1:    layout_caves, serial_shops, nicolae_orc_sculptors_studio
Orc:2:    st_orc_ogre_mass, layout_caves, basic_altar, nicolae_orc_tapped_out,
          uniq_josephine

Skill      XL: |  1  2  3  4  5  6  7  8  9 10 11 12 13 |
---------------+----------------------------------------+-----
Stealth        | 1 2 3 4 6 8 10 12 13 14 | 14.5
Unarmed Combat | 4 5 6 7 9 11 12 14 17 | 17.7
Dodging        | 5 7 8 11 12 | 12.7
Fighting       | 4 5 6 8 9 10 | 10.8
Evocations     | 3 6 7 9 10 | 10.4

Action                     |  1- 3 |  4- 6 |  7- 9 | 10-12 | 13-15 || total
---------------------------+-------+-------+-------+-------+-------++-------
  Melee: Unarmed           |    96 |    88 |   326 |  1032 |    89 ||  1631
         Bite              |     9 |     7 |    44 |   135 |    13 ||   208
         Punch             |     2 |     2 |    16 |    93 |    15 ||   128
 Invoke: Trog's Hand       |     1 |     1 |     3 |     9 |     3 ||    17
         Berserk           |       |     1 |     4 |    16 |     2 ||    23
         Brothers in Arms  |       |       |       |     3 |       ||     3
  Evoke: Wand              |       |       |     3 |     1 |       ||     4
    Use: Scroll            |     2 |       |       |    15 |       ||    17
         Potion            |       |       |       |     4 |     1 ||     5
   Stab: Sleeping          |     2 |     2 |    33 |    62 |       ||    99
         Paralysed         |       |       |     1 |       |       ||     1
         Distracted        |       |       |     1 |     8 |       ||     9
 Armour: Skin              |     2 |       |    14 |    56 |     2 ||    74
  Dodge: Dodged            |    52 |    58 |   238 |  1015 |    58 ||  1421
